[Event "Team 45 45 League T74"]
[Site "Internet Chess Club"]
[Date "2017.10.07"]
[Round "4"]
[White "Demachaeron"]
[Black "mongmong"]
[Result "1-0"]
[WhiteElo "1704"]
[BlackElo "1457"]
[Opening "Nimzo-Indian: three knights variation"]
[ECO "E21"]
[Time "19:03:21"]
[TimeControl "2700+45"]

1. d4 e6 2. c4 Nf6 3. Nc3 Bb4 4. Nf3 b6 5. e3 Bb7 6. Bd3 Ne4 7. Qc2 f5 8. Bd2
Bxc3 9. Bxc3 Nxc3 10. Qxc3 Bxf3 11. gxf3 Qf6 12. O-O-O Nc6 13. Rhg1 O-O-O 14. c5
Kb8 15. Kb1 g6 16. Bb5 Ne7 17. Qa3 c6 18. cxb6 axb6 19. Bd3 Nc8 20. Rc1 Qe7 21.
Qc3 Na7 22. a4 Rc8 23. Ba6 Rc7 24. Rgd1 c5 25. d5 exd5 26. Qxh8+ {Black resigns}
1-0

[Event "Team 45 45 League T74"]
[Site "Internet Chess Club"]
[Date "2017.10.09"]
[Round "4"]
[White "stantheman59"]
[Black "limeinthecoke"]
[Result "0-1"]
[WhiteElo "1249"]
[BlackElo "1539"]
[Opening "Queen's pawn"]
[ECO "A40"]
[Time "20:01:03"]
[TimeControl "2700+45"]

1. d4 e6 2. g3 f5 3. Bg2 Nf6 4. Bg5 Be7 5. Bxf6 Bxf6 6. c3 O-O 7. Nd2 d5 8. e3
Nc6 9. f4 Ne7 10. Qb3 a5 11. a4 b6 12. Ne2 Ba6 13. Nc1 c5 14. Ne2 Qc7 15. c4
cxd4 16. Nxd4 dxc4 17. Nxe6 Qd6 18. Nxc4 Qxe6 19. Bxa8 Bxc4 20. Qa3 Rxa8 21. Rd1
Bxb2 22. Qd6 Qxe3# {White checkmated} 0-1

[Event "Team 45 45 League T74"]
[Site "Internet Chess Club"]
[Date "2017.10.08"]
[Round "4"]
[White "justice02"]
[Black "Ajolote"]
[Result "1-0"]
[WhiteElo "1666"]
[BlackElo "1783"]
[Opening "Sicilian: Alapin's variation (2.c3)"]
[ECO "B22"]
[Time "12:03:55"]
[TimeControl "2700+45"]

1. e4 c5 2. c3 Nf6 3. e5 Nd5 4. d4 cxd4 5. cxd4 g6 6. Nf3 Bg7 7. Bc4 Nb6 8. Bb3
Nc6 9. Nc3 O-O 10. O-O d5 11. Qe2 Bg4 12. Rd1 Rc8 13. h3 Bf5 14. a4 Na5 15. Ba2
Qd7 16. Re1 Rxc3 17. bxc3 Rc8 18. Bd2 e6 19. Qb5 Qxb5 20. axb5 Nac4 21. Bxc4
Nxc4 22. Rxa7 Nxd2 23. Nxd2 Bh6 24. Nf3 Rxc3 25. Rxb7 Rb3 26. b6 Bb1 27. Rb8+
Kg7 28. b7 Bf4 29. g3 Bh6 30. h4 Rb2 31. Ng5 Rb6 32. Rc1 Bxg5 33. hxg5 Bd3 34.
Ra1 Bb5 35. Ra7 Bc6 36. Raa8 f5 37. Rg8+ Kf7 38. Raf8+ Ke7 39. b8=Q Rxb8 40.
Rxb8 Kf7 41. Rbf8+ Ke7 42. Rf6 f4 43. Rg7+ Ke8 44. Rxh7 fxg3 45. Rxe6+ Kf8 46.
Rxc6 gxf2+ 47. Kxf2 Kg8 48. Rcc7 {Black resigns} 1-0

[Event "Team 45 45 League T74"]
[Site "Internet Chess Club"]
[Date "2017.10.07"]
[Round "4"]
[White "fireball"]
[Black "Grenadier"]
[Result "1-0"]
[WhiteElo "1605"]
[BlackElo "1588"]
[Opening "Caro-Kann defense"]
[ECO "B10"]
[Time "14:01:10"]
[TimeControl "2700+45"]

1. e4 c6 2. Ne2 d5 3. e5 Bf5 4. d4 e6 5. Ng3 Bg6 6. Nc3 Bb4 7. Bd3 Ne7 8. O-O
Nd7 9. f4 c5 10. Be3 c4 11. f5 cxd3 12. fxg6 hxg6 13. Qxd3 Qc7 14. Bg5 Nf5 15.
Nxf5 gxf5 16. Nxd5 exd5 17. Qxf5 O-O 18. c3 Ba5 19. Rf3 g6 20. Qg4 Nxe5 21. dxe5
Qxe5 22. Bf6 Bb6+ 23. Kh1 Qh5 24. Rh3 {Black resigns} 1-0

[Event "Team 45 45 League T74"]
[Site "Internet Chess Club"]
[Date "2017.10.08"]
[Round "4"]
[White "bmw2002"]
[Black "Insan996"]
[Result "0-1"]
[WhiteElo "1491"]
[BlackElo "1654"]
[Opening "English opening"]
[ECO "A13"]
[Time "22:05:03"]
[TimeControl "2700+45"]

1. c4 e6 2. g3 d5 3. Bg2 Nf6 4. cxd5 exd5 5. Nf3 Be7 6. O-O O-O 7. d4 Bf5 8. Nc3
c6 9. a3 Qc8 10. Re1 Bh3 11. Bh1 h6 12. Nd2 Re8 13. e4 dxe4 14. Ndxe4 Nbd7 15.
Bf4 Nxe4 16. Nxe4 Nf6 17. Rc1 Qd7 18. Nc5 Bxc5 19. dxc5 Rxe1+ 20. Qxe1 Re8 21.
Qa5 Qe7 22. Bd2 Qd7 23. Qb4 Re2 24. Be3 Rc2 25. Qb3 Rxc1+ 26. Bxc1 Qe7 27. Qe3
Qd7 28. Bf3 Nd5 29. Qe4 Nf6 30. Qe1 Qf5 31. Bg2 Bxg2 32. Kxg2 Qd5+ 33. Kg1 Qxc5
34. Be3 Qc2 35. Qb4 b6 36. Qd4 Qb1+ 37. Kg2 Qe4+ 38. f3 Qxd4 39. Bxd4 Nd5 40.
Kf2 f6 41. Ke2 Kf7 42. Kd3 Ke6 43. h4 c5 44. Bf2 Kd6 45. Kc4 g6 46. a4 Kc6 47.
f4 h5 48. Be1 f5 49. Bf2 a6 50. b3 Nf6 51. Be1 b5+ 52. axb5+ axb5+ 53. Kc3 Kd5
54. Kc2 Ne4 55. Kd3 c4+ 56. Kc2 cxb3+ 57. Kxb3 Kd4 58. Kb4 Ke3 59. Kxb5 Kf3 60.
Kc6 Nxg3 61. Kd6 Kxf4 62. Ke6 Kg4 63. Kf6 f4 64. Kxg6 Kxh4 65. Bf2 f3 66. Kh6
Kg4 67. Kg6 Nh1 68. Be1 f2 69. Bxf2 Nxf2 {White resigns} 0-1

[Event "Team 45 45 League T74"]
[Site "Internet Chess Club"]
[Date "2017.10.06"]
[Round "4"]
[White "nidusin2"]
[Black "GoIrish"]
[Result "1-0"]
[WhiteElo "1583"]
[BlackElo "1507"]
[Opening "Queen's pawn: London system"]
[ECO "A45"]
[Time "21:02:51"]
[TimeControl "2700+45"]

1. d4 Nf6 2. Bf4 g6 3. e3 Bg7 4. c3 O-O 5. Nd2 d6 6. Ngf3 Nbd7 7. Bd3 Re8 8. O-O
e5 9. dxe5 dxe5 10. Bg5 h6 11. Bxf6 Nxf6 12. Bc4 Bf5 13. Qb3 Qe7 14. Nh4 Be6 15.
Bxe6 Qxe6 16. Qxe6 Rxe6 17. e4 Rd8 18. Nhf3 Red6 19. Nc4 Re6 20. Rad1 Ree8 21.
Nfd2 Nd7 22. Nb3 Bf8 23. Rfe1 Bg7 24. Nca5 Nf6 25. f3 Rb8 26. Rd3 Bf8 27. Red1
Bd6 28. Nc4 Bf8 29. Kf1 b5 30. Ne3 c5 31. Nd5 Kg7 32. Nxf6 Kxf6 33. Rd5 c4 34.
Nc5 Bxc5 35. Rxc5 Red8 36. Rcd5 Re8 37. Rc5 Rb6 38. Rdd5 a6 39. Rd7 Ke6 40. Rcc7
Rf8 41. Ke2 Rd6 42. Rxd6+ Kxd6 43. Ra7 Kc5 44. Rxa6 Rd8 45. b4+ cxb3 46. axb3
Rd7 47. Ra2 b4 48. Rd2 Rb7 49. c4 Ra7 50. Kd3 f5 51. Kc2 Ra2+ 52. Kc1 Ra1+ 53.
Kb2 Rh1 54. Rd5+ Kc6 55. Rxe5 Rxh2 56. Re6+ Kd7 57. Rxg6 fxe4 58. fxe4 h5 59.
Kc2 Rh4 60. Kd3 Rf4 61. Kd4 Kc7 62. Kc5 Rxe4 63. Rg7+ Kd8 64. Kxb4 Re3 65. c5 h4
66. Kc4 h3 67. gxh3 Rxh3 68. b4 Rh4+ 69. Kb5 Rh5 70. Kb6 Kc8 71. b5 Rh8 72. c6
Kb8 73. Rb7+ Ka8 74. Ra7+ Kb8 75. c7+ Kc8 76. Ra8+ {Black resigns} 1-0

[Event "Team 45 45 League T74"]
[Site "Internet Chess Club"]
[Date "2017.10.07"]
[Round "4"]
[White "ascoli"]
[Black "Bizzy-Ketty"]
[Result "1-0"]
[WhiteElo "1630"]
[BlackElo "1568"]
[Opening "Nimzo-Indian: classical, Noa variation, 5.a3"]
[ECO "E36"]
[Time "14:01:22"]
[TimeControl "2700+45"]

1. d4 Nf6 2. c4 e6 3. Nc3 Bb4 4. Qc2 d5 5. a3 Bxc3+ 6. Qxc3 O-O 7. Bg5 Nbd7 8.
cxd5 exd5 9. e3 c6 10. Bd3 Re8 11. Qc2 h6 12. Bxf6 Nxf6 13. Ne2 Qd6 14. O-O Bd7
15. b4 a6 16. h3 Rac8 17. Nc3 Re7 18. Na4 Qc7 19. Rfc1 Ne4 20. Nc5 Nf6 21. a4
Rb8 22. b5 axb5 23. axb5 cxb5 24. Nxd7 Qxd7 25. Qb3 Ne4 26. Bxb5 Qf5 27. Ra2 Qe6
28. Bd3 Qd6 29. Rac2 Ree8 30. Rc7 b6 31. Bxe4 Rxe4 32. R7c6 Qd8 33. Rb1 Re6 34.
Qb5 Kh7 35. Rxe6 fxe6 36. Qc6 Qf6 37. Rxb6 Rxb6 38. Qxb6 Qf5 39. Qd6 Qe4 40. Kh2
Kg6 41. Qg3+ Kh7 42. Qe5 Qg6 43. f3 Qf7 44. e4 dxe4 45. fxe4 Qd7 46. d5 exd5 47.
exd5 Kg8 48. Kg3 Kf7 49. Kf3 Kf8 50. g4 Qb7 51. Qd6+ Kg8 52. Qe6+ Kh7 53. Kf4
Qb4+ 54. Qe4+ Qxe4+ 55. Kxe4 Kg6 56. h4 Kf7 57. Ke5 Ke7 58. d6+ Kd7 59. Kd5 g6
60. Ke5 g5 61. hxg5 hxg5 62. Kf5 Kxd6 63. Kxg5 Ke7 64. Kh6 Kf6 65. g5+ Kf7 66.
Kh7 Ke6 67. g6 Kf6 68. g7 {Black resigns} 1-0

[Event "Team 45 45 League T74"]
[Site "Internet Chess Club"]
[Date "2017.10.08"]
[Round "4"]
[White "EFXBT"]
[Black "Portola"]
[Result "0-1"]
[WhiteElo "1522"]
[BlackElo "1759"]
[Opening "QGD: Orthodox defense, Botvinnik variation"]
[ECO "D60"]
[Time "19:00:57"]
[TimeControl "2700+45"]

1. d4 d5 2. c4 e6 3. Nc3 Nf6 4. Bg5 Be7 5. Nf3 Nbd7 6. e3 O-O 7. Bd3 b6 8. O-O
Bb7 9. Qc2 c5 10. cxd5 exd5 11. dxc5 bxc5 12. Rfd1 Re8 13. Bxf6 Nxf6 14. Ng5 g6
15. Bb5 Rf8 16. Ne2 Qb6 17. Ba4 Rac8 18. Rac1 Ba8 19. Ng3 Qb4 20. Re1 Bb7 21. e4
Nh5 22. Nxh5 Bxg5 23. exd5 Bxc1 24. Rxc1 gxh5 25. Qf5 Qg4 26. Qxg4+ hxg4 27. Rc4
Bxd5 28. Rxg4+ Kh8 29. Bc2 f5 {White resigns} 0-1

[Event "Team 45 45 League T74"]
[Site "Internet Chess Club"]
[Date "2017.10.08"]
[Round "4"]
[White "DineshB"]
[Black "akshayk06"]
[Result "1-0"]
[WhiteElo "1284"]
[BlackElo "1436"]
[Opening "Philidor: exchange variation"]
[ECO "C41"]
[Time "13:00:53"]
[TimeControl "2700+45"]

1. e4 e5 2. Nf3 d6 3. d4 exd4 4. Nxd4 Nf6 5. Nc3 Be7 6. Qf3 c5 7. Bb5+ Bd7 8.
Bxd7+ Nbxd7 9. Nf5 Ne5 10. Nxg7+ Kf8 11. Qg3 Rg8 12. Bh6 Qd7 13. Nh5+ Ke8 14.
Nxf6+ {Black resigns} 1-0

[Event "Team 45 45 League T74"]
[Site "Internet Chess Club"]
[Date "2017.10.08"]
[Round "4"]
[White "krysto"]
[Black "LookImYourVader"]
[Result "0-1"]
[WhiteElo "1587"]
[BlackElo "1775"]
[Opening "Queen's gambit accepted"]
[ECO "D20"]
[Time "12:01:05"]
[TimeControl "2700+45"]

1. d4 d5 2. c4 dxc4 3. e3 e5 4. dxe5 Qxd1+ 5. Kxd1 Nc6 6. f4 Be6 7. a3 Bc5 8.
Nf3 f6 9. g3 fxe5 10. fxe5 Bg4 11. Bg2 Nxe5 12. Ke2 Ne7 13. h3 Bxf3+ 14. Bxf3
Nxf3 15. Kxf3 O-O+ 16. Ke2 Nf5 17. Rg1 Rae8 {White resigns} 0-1

[Event "Team 45 45 League T74"]
[Site "Internet Chess Club"]
[Date "2017.10.07"]
[Round "4"]
[White "ColourfulChess"]
[Black "scostanzo212"]
[Result "1-0"]
[WhiteElo "1667"]
[BlackElo "1502"]
[Opening "English: symmetrical variation"]
[ECO "A38"]
[Time "14:01:22"]
[TimeControl "2700+45"]

1. c4 c5 2. g3 g6 3. Bg2 Bg7 4. Nc3 Nc6 5. Nf3 Nf6 6. d4 cxd4 7. Nxd4 Nxd4 8.
Qxd4 O-O 9. O-O d6 10. Qd3 Bf5 11. e4 Be6 12. b3 Qd7 13. Bd2 Bh3 14. Rae1 Bxg2
15. Kxg2 Qc6 16. f4 Rfe8 17. Nd5 Nd7 18. Qf3 Rac8 19. h4 e6 20. Nb4 Qc5 21. f5
Ne5 22. Qd1 Rf8 23. Nc2 a5 24. Be3 Qc7 25. Nd4 Rcd8 26. fxe6 Nc6 27. Nb5 Qe7 28.
exf7+ Rxf7 29. Bg5 Bf6 30. Rxf6 Rxf6 31. Qd5+ Kg7 32. Rf1 Rdf8 33. Nd4 Nxd4 34.
Qxd4 Qe5 35. Qxe5 dxe5 36. Rxf6 Rxf6 37. Bxf6+ Kxf6 38. Kf3 h5 39. g4 Ke6 40.
gxh5 gxh5 41. a3 Kd6 42. Ke3 Kc5 43. Kd3 b5 44. cxb5 Kxb5 45. Kc3 Kc5 46. b4+
axb4+ 47. axb4+ Kb5 48. Kb3 Kb6 49. Kc4 Kc6 50. b5+ Kb6 51. Kb4 Kb7 52. Kc5 Kc7
53. b6+ Kb7 54. Kb5 Kb8 55. Kc6 Kc8 56. b7+ Kb8 57. Kd6 Kxb7 58. Kxe5 Kc7 59.
Kf6 Kd8 60. e5 Ke8 61. Ke6 {Black resigns} 1-0

[Event "Team 45 45 League T74"]
[Site "Internet Chess Club"]
[Date "2017.10.06"]
[Round "4"]
[White "gsb13"]
[Black "a-man"]
[Result "1-0"]
[WhiteElo "1406"]
[BlackElo "1663"]
[Opening "Sicilian: accelerated fianchetto, modern variation with Bc4"]
[ECO "B35"]
[Time "21:30:32"]
[TimeControl "2700+45"]

1. e4 c5 2. Nf3 Nc6 3. d4 cxd4 4. Nxd4 g6 5. Nc3 Bg7 6. Be3 Nf6 7. Bc4 O-O 8.
Qd2 d6 9. O-O-O Ng4 10. Nce2 Nxe3 11. Qxe3 Qb6 12. h4 Ne5 13. Bb3 h5 14. Qg3 Bd7
15. Nf4 Kh7 16. Nd5 Qd8 17. f4 Ng4 18. f5 gxf5 19. exf5 e6 20. Nf4 Bxd4 21. Rxd4
e5 22. Nxh5 exd4 23. Qxg4 Rg8 24. Qxd4 Rxg2 25. Nf6+ Kh6 26. Bxf7 Bxf5 27. Qf4+
Kg7 28. Ne8+ Kxf7 29. Qxf5+ Kxe8 30. Re1+ Qe7 31. Rxe7+ Kxe7 32. Qe4+ Kd7 33.
Qxg2 Kc7 34. h5 Rh8 35. Qg7+ Kc6 36. Qxh8 b6 37. Qc3+ Kd7 38. h6 Kd8 39. h7 Kd7
40. h8=Q Ke6 41. Qe8+ Kd5 42. Qcc6+ Kd4 43. Qxd6+ Kc4 44. Qec6# {Black
checkmated} 1-0

[Event "Team 45 45 League T74"]
[Site "Internet Chess Club"]
[Date "2017.10.05"]
[Round "4"]
[White "RonaldoR"]
[Black "Pawnchain"]
[Result "1-0"]
[WhiteElo "1623"]
[BlackElo "1508"]
[Opening "French: Two knights variation"]
[ECO "C00"]
[Time "16:00:51"]
[TimeControl "2700+45"]

1. e4 e6 2. Nc3 d5 3. Nf3 Nf6 4. e5 Nfd7 5. d4 c5 6. dxc5 Nc6 7. Bf4 Bxc5 8. Bd3
Qb6 9. O-O Qxb2 10. Nb5 O-O 11. Bd2 Ncxe5 12. Bc3 Nxf3+ 13. Qxf3 Qxa1 14. Rxa1
a6 15. Qh3 d4 16. Nxd4 Bxd4 17. Bxd4 Nf6 18. Bxf6 b5 19. Qxh7# {Black
checkmated} 1-0

[Event "Team 45 45 League T74"]
[Site "Internet Chess Club"]
[Date "2017.10.07"]
[Round "4"]
[White "idjit"]
[Black "kabindra"]
[Result "1-0"]
[WhiteElo "1632"]
[BlackElo "1607"]
[Opening "Two knights defense (Modern bishop's opening)"]
[ECO "C55"]
[Time "11:02:52"]
[TimeControl "2700+45"]

1. e4 e5 2. Nf3 Nc6 3. Bc4 Nf6 4. d3 Be7 5. c3 O-O 6. Bb3 d5 7. Qe2 Be6 8. Nbd2
Re8 9. Nf1 Nh5 10. g3 dxe4 11. dxe4 Nf6 12. Ne3 Nxe4 13. Bxe6 fxe6 14. Ng4 Qd5
15. O-O Rad8 16. Ngxe5 Rf8 17. Nxc6 bxc6 18. Bf4 Bc5 19. Rad1 Bxf2+ 20. Kg2 Qf5
21. Nh4 Rxd1 22. Nxf5 Rxf1 23. Ne7+ Kf7 24. Kxf1 {Black resigns} 1-0

[Event "Team 45 45 League T74"]
[Site "Internet Chess Club"]
[Date "2017.10.08"]
[Round "4"]
[White "drsigmund1"]
[Black "chesskix"]
[Result "1-0"]
[WhiteElo "1418"]
[BlackElo "1383"]
[Opening "King's Indian: London system"]
[ECO "A45"]
[Time "15:00:52"]
[TimeControl "2700+45"]

1. d4 Nf6 2. Bf4 g6 3. Nf3 Bg7 4. Nc3 d5 5. e3 O-O 6. Bd3 c6 7. O-O Nbd7 8. b4
a6 9. a4 Nh5 10. Bg5 f6 11. Bh4 g5 12. Nd2 {Black resigns} 1-0

[Event "Team 45 45 League T74"]
[Site "Internet Chess Club"]
[Date "2017.10.06"]
[Round "4"]
[White "Just-Jim"]
[Black "olivermx"]
[Result "0-1"]
[WhiteElo "1273"]
[BlackElo "1296"]
[Opening "Queen's pawn game, Chigorin variation"]
[ECO "A04"]
[Time "18:01:52"]
[TimeControl "2700+45"]

1. Nf3 Nc6 2. d4 d5 3. Bf4 Nf6 4. Nc3 e6 5. Nb5 Bd6 6. Bxd6 cxd6 7. e3 O-O 8.
Bd3 e5 9. dxe5 dxe5 10. Be2 e4 11. Nd2 a6 12. Nc3 Be6 13. O-O Qd6 14. f3 exf3
15. Bxf3 Ne5 16. Nde4 Nxf3+ 17. Rxf3 Nxe4 18. Nxe4 Qc6 19. Ng3 Bg4 20. Qd4 Bxf3
21. gxf3 Qxc2 22. e4 dxe4 23. fxe4 Rfd8 24. Qe5 Rd1+ 25. Rxd1 Qxd1+ 26. Kg2 Qg4
27. h3 Qe6 28. Qg5 Rc8 29. Nh5 Qxe4+ 30. Kg3 Qg6 31. Qxg6 hxg6 32. Nf4 Rc2 33.
a4 Rxb2 34. Nd5 Ra2 35. Ne7+ Kf8 36. Nc8 Rxa4 37. Nd6 b5 38. Nb7 b4 39. Nc5 Ra3+
40. Kg4 b3 41. Nd7+ Kg8 42. Ne5 b2 43. Nc4 Ra4 {White resigns} 0-1

[Event "Team 45 45 League T74"]
[Site "Internet Chess Club"]
[Date "2017.10.07"]
[Round "4"]
[White "kabubi"]
[Black "kingsrook"]
[Result "1-0"]
[WhiteElo "1180"]
[BlackElo "1193"]
[Opening "Sicilian: Anderssen variation"]
[ECO "B41"]
[Time "10:24:21"]
[TimeControl "2700+45"]

1. e4 c5 2. Nf3 e6 3. d4 cxd4 4. Nxd4 Nf6 5. Nc3 a6 6. g4 h6 7. Qf3 Qc7 8. Be3
Bb4 9. Bd2 Nc6 10. Nxc6 bxc6 11. O-O-O O-O 12. h4 Bb7 13. g5 Nh7 14. gxh6 g6 15.
h5 g5 16. Bxg5 Nxg5 17. Qf6 Qd8 18. Qg7# {Black checkmated} 1-0

[Event "Team 45 45 League T74"]
[Site "Internet Chess Club"]
[Date "2017.10.08"]
[Round "4"]
[White "Constrictor"]
[Black "RD1974"]
[Result "0-1"]
[WhiteElo "1512"]
[BlackElo "1609"]
[Opening "Bird's opening"]
[ECO "A03"]
[Time "19:02:22"]
[TimeControl "2700+45"]

1. f4 d5 2. Nf3 c5 3. e3 a6 4. b3 Nf6 5. Bb2 Nc6 6. Be2 e6 7. O-O Be7 8. Ne5 Qc7
9. d3 O-O 10. Nd2 b5 11. Ng4 d4 12. Nxf6+ Bxf6 13. e4 e5 14. f5 Bb7 15. g4 Bg5
16. Nf3 Be3+ 17. Kh1 f6 18. Bc1 Bf4 19. Rg1 Qf7 20. Qe1 Nb4 21. Qd1 Rad8 22. a3
Nc6 23. Qe1 Be3 24. Rg3 g6 25. fxg6 hxg6 26. Bxe3 dxe3 27. h4 Nd4 28. Nxd4 cxd4
29. Qg1 Qc7 30. h5 g5 31. Qf1 Qxc2 32. Rc1 Qxb3 33. Qf5 Qf7 34. Bd1 Bc8 35. Rxc8
Rxc8 36. Bb3 Rc4 37. dxc4 Kh8 38. Rf3 e2 39. cxb5 e1=Q+ 40. Kg2 Qg7 41. h6 Qe2+
42. Rf2 Qxf2+ 43. Kxf2 Qxh6 44. bxa6 Qh2+ 45. Kf3 Qh3+ 46. Kf2 Qxb3 47. Qg6 Qf7
48. Qh6+ Kg8 49. a7 Qxa7 50. Qg6+ Qg7 51. Qf5 Ra8 52. Qe6+ Kh8 53. Qb3 Qa7 54.
Qe6 d3+ 55. Kf1 Kg7 {White resigns} 0-1

[Event "Team 45 45 League T74"]
[Site "Internet Chess Club"]
[Date "2017.10.05"]
[Round "4"]
[White "RonaldoR"]
[Black "stanbeers"]
[Result "1/2-1/2"]
[WhiteElo "1612"]
[BlackElo "1323"]
[Opening "Sicilian: accelerated fianchetto, Maróczy bind, 6.Be3"]
[ECO "B38"]
[Time "20:00:18"]
[TimeControl "2700+45"]

1. e4 c5 2. Nf3 g6 3. d4 cxd4 4. Nxd4 Bg7 5. c4 Nc6 6. Be3 Nf6 7. Nc3 O-O 8. Be2
a5 9. O-O e5 10. Nf3 b6 11. Bg5 Ba6 12. Nd5 d6 13. Nxf6+ Bxf6 14. Bxf6 Qxf6 15.
b3 Rfe8 16. a3 Rad8 17. Qc1 {Game drawn by mutual agreement} 1/2-1/2

[Event "Team 45 45 League T74"]
[Site "Internet Chess Club"]
[Date "2017.10.08"]
[Round "4"]
[White "rkaebi"]
[Black "OGO"]
[Result "1-0"]
[WhiteElo "1437"]
[BlackElo "1380"]
[Opening "French defense, Steiner variation"]
[ECO "A13"]
[Time "14:01:09"]
[TimeControl "2700+45"]

1. c4 e6 2. e4 b6 3. Nf3 f6 4. d4 Bb7 5. Nc3 d6 6. Bd3 Nd7 7. O-O Qe7 8. Nb5 Qd8
9. Bf4 a6 10. Nc3 Ne7 11. Re1 Ng6 12. Bg3 Be7 13. d5 e5 14. Ng5 fxg5 15. Be2 Nf6
16. h3 Bc8 17. b4 c5 18. dxc6 Qc7 19. b5 axb5 20. cxb5 O-O 21. Bc4+ Kh8 22. a4
Nh5 23. Qxh5 Nf4 24. Bxf4 gxf4 25. Nd5 Qd8 26. c7 Qd7 27. Nxb6 Qxc7 28. Nxa8
Qxc4 29. Nb6 Qc7 30. Nd5 Qd7 31. Rac1 {Black resigns} 1-0

[Event "Team 45 45 League T74"]
[Site "Internet Chess Club"]
[Date "2017.10.05"]
[Round "4"]
[White "oldprez1"]
[Black "dabodhi"]
[Result "0-1"]
[WhiteElo "1070"]
[BlackElo "1343"]
[Opening "Sicilian: Labourdonnais-Löwenthal (Kalashnikov) variation"]
[ECO "B32"]
[Time "20:04:21"]
[TimeControl "2700+45"]

1. e4 c5 2. Nf3 Nc6 3. d4 cxd4 4. Nxd4 e5 5. Nb5 d6 6. c4 Be7 7. Be3 a6 8. N5c3
Nf6 9. Be2 O-O 10. O-O Bd7 11. Nd2 Nd4 12. Bxd4 exd4 13. Nd5 b5 14. Bf3 Rc8 15.
Nxe7+ Qxe7 16. b3 Qe5 17. Re1 h5 18. Nf1 bxc4 19. bxc4 Rxc4 20. Ng3 g6 21. Qb3
Rfc8 22. Qb7 h4 23. Nf1 Bg4 24. Nd2 Rc3 25. Qxa6 Qf4 26. e5 dxe5 27. Bxg4 Nxg4
28. Nf1 Qxf2+ 29. Kh1 Rc2 30. Nd2 Qxd2 31. Qf1 Ne3 32. Qg1 Qxg2+ 33. Qxg2 Nxg2
34. Rxe5 Ne3 35. h3 Rd2 36. Rg5 Rcc2 37. a4 Rd1+ 38. Rxd1 Nxd1 39. a5 Ra2 40.
Rg4 Nf2+ {White resigns} 0-1

[Event "Team 45 45 League T74"]
[Site "Internet Chess Club"]
[Date "2017.10.06"]
[Round "4"]
[White "crazyhorses"]
[Black "bayoumicardio10"]
[Result "0-1"]
[WhiteElo "1455"]
[BlackElo "1463"]
[Opening "King's Indian, 3.Nf3"]
[ECO "E60"]
[Time "15:05:58"]
[TimeControl "2700+45"]

1. d4 Nf6 2. Nf3 g6 3. c4 Bg7 4. g3 O-O 5. Bg2 d6 6. O-O c6 7. Nc3 Nbd7 8. Qc2
Nb6 9. b3 d5 10. c5 Bf5 11. Qd2 Nbd7 12. Nh4 Ne4 13. Nxe4 dxe4 14. Nxf5 gxf5 15.
b4 Nf6 16. Rd1 Nd5 17. Bb2 e6 18. e3 h5 19. h4 Bf6 20. Qe2 Bxh4 21. Qxh5 Bf6 22.
Rab1 Kg7 23. Ba1 Rh8 24. Qe2 a6 25. a4 Qc7 26. b5 Rh6 27. Qb2 Rah8 28. bxc6 Nxe3
29. Qxb7 Nxg2 30. Kf1 Nf4 31. gxf4 Qxf4 32. Qb3 Qf3 33. Qxf3 exf3 34. Ke1 Bg5
{White forfeits on time} 0-1

[Event "Team 45 45 League T74"]
[Site "Internet Chess Club"]
[Date "2017.10.05"]
[Round "4"]
[White "tuantuan"]
[Black "limeinthecoke"]
[Result "0-1"]
[WhiteElo "1503"]
[BlackElo "1534"]
[Opening "Dutch defense, Rubinstein variation"]
[ECO "A40"]
[Time "19:00:10"]
[TimeControl "2700+45"]

1. d4 e6 2. c4 f5 3. Nc3 Nf6 4. Nf3 Be7 5. e3 O-O 6. Bd3 b6 7. O-O Bb7 8. a3 Ne4
9. Bxe4 fxe4 10. Nd2 d5 11. Qg4 Rf6 12. b4 Rg6 13. Qh3 Nd7 14. Bb2 c5 15. bxc5
bxc5 16. cxd5 exd5 17. Rab1 cxd4 18. exd4 Rb6 19. Na4 Rh6 20. Qg4 Bc8 21. Qg3
Bd6 22. f4 exf3 23. Qxf3 Bxh2+ 24. Kh1 Bg3+ 25. Kg1 Rh1+ 26. Kxh1 Qh4+ 27. Kg1
Qh2# {White checkmated} 0-1

[Event "Team 45 45 League T74"]
[Site "Internet Chess Club"]
[Date "2017.10.08"]
[Round "4"]
[White "Pawnchain"]
[Black "liujf"]
[Result "1-0"]
[WhiteElo "1542"]
[BlackElo "1541"]
[Opening "Giuoco Piano"]
[ECO "C54"]
[Time "14:31:28"]
[TimeControl "2700+45"]

1. e4 e5 2. Nf3 Nc6 3. Bc4 Bc5 4. c3 Nf6 5. d3 d6 6. Bb3 O-O 7. Bg5 h6 8. Bh4
Be6 9. Bc2 Re8 10. Nbd2 a5 11. Nf1 d5 12. Qe2 Bd6 13. a3 dxe4 14. dxe4 Be7 15.
Bg3 Bd6 16. Ne3 Qd7 17. O-O Nh5 18. Nh4 Nxg3 19. fxg3 Bc5 20. Kh1 Rad8 21. Rad1
Qe7 22. Nef5 Qf8 23. Ba4 Bxf5 24. Rxf5 Rxd1+ 25. Qxd1 Rd8 26. Qe2 Bd6 27. Bb3
Rd7 28. h3 Kh7 29. Qg4 g6 30. Nxg6 Qg7 31. Nh4 Qf8 32. Rf6 Qg7 33. Qf5+ Kg8 34.
Rg6 Kf8 35. Rxg7 Kxg7 36. Qxd7 Ne7 37. Qg4+ Kf8 38. Nf5 Ng6 39. Nxh6 b6 40. Nxf7
{Black resigns} 1-0

[Event "Team 45 45 League T74"]
[Site "Internet Chess Club"]
[Date "2017.10.07"]
[Round "4"]
[White "Xbug"]
[Black "QuimCatala"]
[Result "0-1"]
[WhiteElo "1149"]
[BlackElo "1306"]
[Opening "King's Indian: Petrosian system, Stein variation"]
[ECO "E92"]
[Time "10:33:17"]
[TimeControl "2700+45"]

1. d4 Nf6 2. c4 g6 3. Nc3 Bg7 4. Nf3 d6 5. e4 O-O 6. Be2 e5 7. d5 a5 8. O-O Na6
9. a3 Nd7 10. Be3 f5 11. b4 f4 12. Bd2 g5 13. h3 h5 14. Nh2 h4 15. Na4 Nf6 16.
Qc2 Bd7 17. Rfc1 Qe8 18. Nb2 c6 19. dxc6 Bxc6 20. f3 axb4 21. Bxb4 Rd8 22. Rd1
Nc5 23. Bxc5 dxc5 24. Rxd8 Qxd8 25. Rd1 Qe7 26. Qb3 Nh5 27. Nf1 Ng3 28. Nxg3
hxg3 29. Nd3 Rd8 30. Qb6 Rd4 31. Qxc5 Qxc5 32. Nxc5 Rxd1+ 33. Bxd1 Bf8 34. Nd3
Bxa3 35. Nxe5 Bc5+ 36. Kf1 Be8 37. Ke2 b5 38. Bb3 Bd4 39. cxb5+ Kg7 40. Nd3 Bxb5
41. Kd2 Kf6 42. Bd5 Bd7 43. Kc2 Bxh3 44. Ne1 Bf2 45. Bc4 Bxe1 46. Bf1 Bd7 47.
Kd1 Ba5 48. Kc2 g4 49. fxg4 Bxg4 50. Kd3 Ke5 51. Be2 Bc8 52. Bf3 Ba6+ 53. Kc2
Bb5 54. Kd1 Bc6 55. Ke2 Bxe4 56. Bxe4 Kxe4 57. Kf1 f3 58. Kg1 fxg2 59. Kxg2 Kf4
60. Kg1 Kf3 61. Kf1 {White resigns} 0-1

[Event "Team 45 45 League T74"]
[Site "Internet Chess Club"]
[Date "2017.10.06"]
[Round "4"]
[White "MasterD"]
[Black "rubo"]
[Result "0-1"]
[WhiteElo "1450"]
[BlackElo "1574"]
[Opening "Caro-Kann: classical, 6.h4"]
[ECO "B18"]
[Time "21:04:35"]
[TimeControl "2700+45"]

1. e4 c6 2. d4 d5 3. Nc3 dxe4 4. Nxe4 Bf5 5. Ng3 Bg6 6. h4 h6 7. h5 Bh7 8. Nf3
Nd7 9. Bf4 Ngf6 10. Bd3 Bxd3 11. Qxd3 e6 12. O-O-O Nd5 13. Bd2 Bd6 14. Ne4 Qc7
15. c4 Nf4 16. Bxf4 Bxf4+ 17. Kb1 Rd8 18. g3 Bd6 19. c5 Be7 20. g4 Nxc5 21. Nxc5
Bxc5 22. Qc3 Be7 23. Ne5 O-O 24. f4 Bf6 25. g5 Bxe5 26. fxe5 hxg5 27. h6 g6 28.
Qg3 Qe7 29. Rhg1 Kh7 30. Qh3 Rd5 31. Rg4 Rfd8 32. Qe3 c5 33. Rxg5 Rxd4 34. Rxd4
cxd4 35. Qd2 Rd5 36. Rg4 Qc5 37. Rf4 Rd7 38. Qf2 Qc7 39. Rxd4 Rxd4 40. Qxd4 Qa5
41. Qf4 Qc7 42. Qf6 Kxh6 43. Qh8+ Kg5 44. Qf6+ Kg4 45. Qf2 b6 46. Qg2+ Kf4 47.
Qh2+ Ke4 48. Qg2+ Kd3 49. Qf3+ Kd2 50. Qf4+ Kd3 51. Qf3+ Kd4 52. Qf2+ Kd5 53.
Qf3+ Kd4 54. Qf2+ Ke4 55. Qg2+ Kf5 56. Qf3+ Kg5 57. Qf6+ Kg4 58. Qf2 Qd7 59.
Qg2+ Kf4 60. Qh2+ Kf5 61. Qf2+ Kxe5 62. Qg3+ Kf6 63. Qf4+ Ke7 {White resigns}
0-1